 Dungeon Crawl Stone Soup version 0.28-a0-241-gfbb0926a3a (webtiles) character file.

Game seed: 11971805262154011371

58 Colgate the Cudgeller (level 4, 0/28 HPs)
             Began as a Kobold Berserker on Aug 24, 2021.
             Was a Follower of Trog.
             Succumbed to Robin's poison
             ... on level 2 of the Dungeon.
             The game lasted 00:02:17 (1520 turns).

Colgate the Cudgeller (Kobold Berserker)            Turns: 1520, Time: 00:02:18

Health: 0/28       AC:  2    Str: 20    XL:     4   Next: 20%
Magic:  4/4        EV: 15    Int:  8    God:    Trog [*.....]
Gold:   60         SH:  0    Dex: 15    Spells: 3/3 levels left

rFire   . . .      SeeInvis .   Y - +0 mace
rCold   . . .      Faith    .   (shield restricted)
rNeg    . . .      Spirit   .   b - +0 animal skin
rPois   .          Reflect  .   (no helmet)
rElec   .          Harm     .   (no cloak)
rCorr   .          Rampage  .   (no gloves)
Will    .....                   (no boots)
Stlth   ++........              (no amulet)
HPRegen 0.09/turn               f - +6 ring of strength
MPRegen 0.09/turn               (no ring)

@: lethally poisoned (0 -> -3), on berserk cooldown, slowed, very slow
A: small, no large weapons, nightstalker 3
a: Renounce Religion, Berserk


You were on level 2 of the Dungeon.
You worshipped Trog.
Trog was aware of your devotion.
You visited 1 branch of the dungeon, and saw 2 of its levels.

You collected 60 gold pieces.


Innate Abilities, Weirdness & Mutations

You are small and have problems with some larger weapons.
You are completely attuned to the shadows.


   Skills:
 - Level 3.2 Fighting
 + Level 4.0 Maces & Flails
 - Level 1.5 Armour
 - Level 3.2 Dodging


You had 3 spell levels left.
You didn't know any spells.
Your spell library was empty.

Inventory:

Hand Weapons
 Y - a +0 mace (weapon)
Armour
 b - a +0 animal skin (worn)
Jewellery
 f - a +6 ring of strength (left hand)
Potions
 g - a potion of curing

Dungeon Overview and Level Annotations

Branches:
Dungeon (2/15)

Altars:


Message History

You are poisoned.
The goblin hits you with a +0 dagger.
A goblin comes into view. It is wielding a +0 dagger.
You barely miss the ball python.
You feel sick. The ball python barely misses you.
The ball python constricts you. The goblin barely misses you.
The goblin hits you but does no damage.
Robin laughs in a distinctly smug fashion.
Robin roars a battlecry!
The goblins go into a battle-frenzy!
You closely miss the ball python.
You feel sick.
The ball python bites you but does no damage.
The ball python constricts you. The goblin hits you with a +0 club.
The goblin misses you.
You sock the ball python!
You kill the ball python!
Trog accepts your kill.
You feel sick.
A giant cockroach comes into view.
The goblin misses you.
You sock Robin!
Robin is almost dead.
You feel sick.
Robin roars a battlecry!
The goblin goes into a battle-frenzy!
A goblin comes into view. It is wielding a +0 club.
The goblin hits you with a +0 dagger.
You bludgeon Robin!!
You kill Robin!
Trog accepts your kill.
You are no longer berserk.
You are exhausted.
You feel yourself slow down. The goblin closely misses you.
The goblin misses you. The goblin hits you with a +0 dagger.
A goblin comes into view. It is wielding a +0 dagger.
Your Dodging skill increases to level 3!
You have reached level 4!
You closely miss the goblin.
You die...

.#...# ..>..#
g..gg# #.Kg#
.. #g##.#.
#@gg...
###gg....#
...gg.##...
..g.g......
...........
....<..#####.
............
............)
.##..........


You could see 2 hobgoblins, 10 goblins and a kobold.

Vanquished Creatures
  Robin (D:2)
  An adder (D:2)
  4 ball pythons
  3 endoplasms (D:1)
  2 giant cockroaches (D:1)
  4 goblins (D:1)
  6 hobgoblins (D:1)
  2 jackals (D:2)
  4 kobolds (D:1)
  A quokka (D:1)
  4 frilled lizards (D:1)
  A rat (D:2)
33 creatures vanquished.

Notes
Turn   | Place    | Note
-------+----------+-------------------------------------------
     0 | D:1      | Colgate the Kobold Berserker began the quest for the Orb.
     0 | D:1      | Reached XP level 1. HP: 14/14 MP: 1/1
     0 | D:1      | 0 ||| counter = 53
    25 | D:1      | 25 ||| Stepping ~*~*~tactically~*~*~ (outnumbered).
    26 | D:1      | 26 ||| Stepping ~*~*~tactically~*~*~ (outnumbered).
    33 | D:1      | Reached skill level 3 in Maces & Flails
    56 | D:1      | Reached XP level 2. HP: 12/19 MP: 2/2
   697 | D:1      | Reached XP level 3. HP: 23/23 MP: 3/3
  1147 | D:1      | Found a faded altar of an unknown god.
  1395 | D:1      | 1395 ||| UPGRADING to +6 ring of strength.
  1396 | D:1      | 1396 ||| READING scroll labelled NAAQOO MEUZU.
  1400 | D:1      | 1400 ||| READING scroll labelled KAACIKHLEQAC.
  1425 | D:1      | 1425 ||| READING scroll labelled NOARCH NELONEI.
  1426 | D:1      | 1426 ||| DRINKING 2 blue potions.
  1504 | D:2      | Noticed Robin
  1506 | D:2      | 1506 ||| INVOKING Berserk.
  1509 | D:2      | Reached skill level 4 in Maces & Flails
  1517 | D:2      | HP: 8/34 [poisoned by Robin]
  1519 | D:2      | Killed Robin
  1519 | D:2      | HP: 1/23 [goblin[Robin] (2)]
  1520 | D:2      | Reached skill level 3 in Dodging
  1520 | D:2      | Reached XP level 4. HP: 2/28 MP: 4/4
  1520 | D:2      | Succumbed to Robin's poison

Levels and vault maps discovered:
D:1:      scummos_arrival_forest, layout_basic,
          shapermc_ecumenical_altar_mp_ritualfount, st_stairs_5
D:2:      layout_rooms, uniq_robin, uniq_crazy_yiuf_cottage

Skill      XL: |  1  2  3 |
---------------+----------+-----
Maces & Flails | 3 4 |  4.0
Dodging        | 3 |  3.2
Fighting       | |  3.2
Armour         | |  1.5

Action                   |  1- 3 |  4- 6 || total
-------------------------+-------+-------++-------
Melee: Mace              |    82 |     1 ||    83
Invok: Berserk           |     1 |       ||     1
  Use: Scroll            |     3 |       ||     3
       Potion            |     1 |       ||     1
 Stab: Sleeping          |     1 |       ||     1
Armor: Animal skin       |     9 |       ||     9
Dodge: Dodged            |    69 |       ||    69

Table legend:
 A = Non-vault XP
 B = Vault XP
 C = Vault XP percentage of total XP
 D = Non-vault monster count
 E = Vault monster count
 F = Vault count percentage of total count
                 A         B        C        D         E       F
            +---------+---------+-------+---------+---------+-------
      Total |      61 |      22 |  26.5 |      28 |       5 |  15.2
            +---------+---------+-------+---------+---------+-------
        D:1 |      41 |       7 |  14.6 |      23 |       4 |  14.8
        D:2 |      20 |      15 |  42.9 |       5 |       1 |  16.7
            +---------+---------+-------+---------+---------+-------
